 Dungeon Crawl Stone Soup version 0.20.0-15-g7f486f2 (webtiles) character file.

136 zigma the Ruffian (level 4, -7/35 HPs)
             Began as a Draconian Transmuter on June 12, 2017.
             Killed from afar by a kobold (35 damage)
             ... with an exploding inner flame
             ... hexed by the player character
             ... on level 3 of the Dungeon.
             The game lasted 00:06:32 (2580 turns).

zigma the Ruffian (Draconian Transmuter)            Turns: 2580, Time: 00:06:33

Health: -7/35      AC:  5    Str: 12    XL:     4   Next: 98%
Magic:  6/7        EV: 15    Int: 15    God:
Gold:   116        SH:  0    Dex: 11    Spells: 2/7 levels left

rFire    . . .     SeeInvis .     - Unarmed
rCold    . . .     Gourm    .   (no shield)
rNeg     . . .     Faith    .   (armour unavailable)
rPois    .         Spirit   .   (helmet restricted)
rElec    .         Reflect  .   (no cloak)
rCorr    .         Harm     .   (no gloves)
MR       .....                  (boots currently unavailable)
Stlth    +.........             p - amulet of regeneration
Regen    0.6/turn               i - +3 ring of evasion
MPRegen  0.1/turn               (no ring)

@: appendage, very slightly contaminated
A: unfitting armour, talons 3, cold-blooded, AC +5
a: End Transformation


You were on level 3 of the Dungeon.
You were not hungry.
You had grown temporary talons.
You visited 1 branch of the dungeon, and saw 3 of its levels.

You collected 116 gold pieces.

Inventory:

Missiles
 a - 122 arrows
Jewellery
 i - a +3 ring of evasion (left hand)
 p - an amulet of regeneration (around neck)
Scrolls
 d - a scroll of immolation
 f - a scroll of blinking
 g - a scroll of remove curse {unknown}
 k - a scroll of amnesia {unknown}
 n - a scroll of recharging
 o - a scroll of noise {unknown}
Potions
 e - a potion of mutation {!q}
 j - a potion of heal wounds
Books
 b - a book of Changes

   Spells                             Type                      Level
   a - Beastly Appendage              Transmutation                1
   b - Sticks to Snakes               Transmutation                2
   c - Spider Form                    Transmutation/Poison         3
   d - Ice Form                       Ice/Transmutation            4
   e - Blade Hands                    Transmutation                5
Comestibles
 c - 3 bread rations
 l - 3 fruits
 m - 3 chunks of flesh


   Skills:
 - Level 1.1 Fighting
 - Level 1.7 Dodging
 * Level 5.1 Unarmed Combat
 - Level 2.0 Spellcasting
 + Level 3.1 Transmutations
 + Level 0.0 Ice Magic


You had 2 spell levels left.
You knew the following spells:

 Your Spells              Type           Power        Failure   Level  Hunger
a - Beastly Appendage     Tmut           ##....       6%          1    #......
x - Ice Form              Ice/Tmut       #.......     75%         4    #####..


Dungeon Overview and Level Annotations

Branches:
Dungeon (3/15)

Altars:
Okawaru

Annotations:
D:3 CODWOMAN's ghost, amateur DsSk


Innate Abilities, Weirdness & Mutations

Your plain brown scales are hard. (AC +5)
You cannot fit into any form of body armour.
You are cold-blooded and may be slowed by cold attacks.
You have claws for feet.


Message History

As you read the scroll labeled TIAGYCVUGU, it crumbles to dust.
It was a scroll of blinking.
The kobold completely misses you.
You hit the kobold but do no damage. The kobold hits you with a short sword.
The rat closely misses you.
Casting: Beastly Appendage
Confirm with . or Enter, or press ? or * to list all spells.
Your feet morph into talons.
The kobold misses you. The rat bites you.
You barely miss the kobold. The kobold misses you.
The rat twitches its whiskers.
The rat misses you.
You hit the kobold.
Your tail-slap misses the kobold.
The kobold is moderately wounded.
The kobold hits you with a short sword.
You hit the kobold.
The kobold explodes!
The fiery explosion engulfs the rat.
You kill the rat!
The fiery explosion engulfs you!
Ouch! That really hurt!
You die...

##.# ..≈⌠.≈...≈≈# #...
≈.⌠≈..≈..≈≈ #..#
≈..≈..≈..≈≈ ##..##
.≈..≈≈...≈ .... .#
.≈.......# #..# ## #.#
≈.[......# #..# . #.#
.........#####..#.# #.#
.......?@§gW....#.#####
#.# #
#...#########...).(....
#.###.### #.#.#####.#
.<...... ###.#.#
...###### #.....#
#........ #.#.###
#.####### #.#.#### #.#
#.#....# #.######
#.####.#


You could see CODWOMAN's ghost (inner flame) and a goblin (inner flame).

Vanquished Creatures
  8 adders
  A worm (D:1)
  A dart slug (D:1)
  5 leopard geckos
  7 bats
  5 giant cockroaches
  3 goblins
  10 hobgoblins
  5 frilled lizards
  7 kobolds
  6 rats
58 creatures vanquished.

Notes
Turn   | Place    | Note
-------+----------+-------------------------------------------
     0 | D:1      | zigma the Draconian Transmuter began the quest for the Orb.
     0 | D:1      | Reached XP level 1. HP: 16/16 MP: 3/3
   508 | D:1      | Reached XP level 2. HP: 19/23 MP: 5/5
   995 | D:1      | Reached XP level 3. HP: 28/28 MP: 4/6
  1005 | D:1      | Reached skill level 4 in Unarmed Combat
  1184 | D:2      | Found an iron altar of Okawaru.
  1372 | D:2      | Reached XP level 4. HP: 32/35 MP: 5/7
  2268 | D:2      | Reached skill level 5 in Unarmed Combat
  2277 | D:2      | Learned a level 4 spell: Ice Form
  2562 | D:3      | Noticed CODWOMAN's ghost (amateur DsSk)
  2580 | D:3      | Killed from afar by a kobold

Skill      XL: |  1  2  3  4 |
---------------+-------------+-----
Unarmed Combat | 4 5 |  5.1
Transmutations | 3 |  3.1
Fighting       | |  1.1
Dodging        | |  1.7
Spellcasting   | |  2.0

Action                   |  1- 3 |  4- 6 || total
-------------------------+-------+-------++-------
Melee: Unarmed           |   134 |    96 ||   230
       Tailslap          |    10 |     3 ||    13
       Kick              |     9 |     3 ||    12
       Headbutt          |     7 |     3 ||    10
       Punch             |       |     1 ||     1
 Cast: Beastly Appendage |    14 |     9 ||    23
  Use: Scroll            |     2 |     4 ||     6
       Potion            |       |     1 ||     1
 Stab: Sleeping          |       |     1 ||     1
  Eat: Chunk             |     2 |     4 ||     6
Armor: Skin              |    31 |    22 ||    53
Dodge: Dodged            |   111 |    76 ||   187
